Map: Eternal Empire LE

Players

HuShang

  • Race: Zerg Zerg
  • League: Master
  • Spawn Location: 7:00

A.I. 1 (Very Easy) - Winner!

  • Race: Protoss Protoss
  • Spawn Location: 1:00

VOD

Have the link to the VOD?

Description

Time

  • Played on: Sept. 10, 2020, 7:12 p.m.
  • Length: 4:06
Show
View Real Time Build Order
Export as new Build Order

HuShang Zerg 

Build Orders: Hatch First 

Get SALT Encoding   

  12  0:00  Drone  
  13  0:12  Overlord  
  13  0:18  Drone  
  14  0:32  Drone  
  14  0:33  Drone  
  16  0:49  Hatchery  
  15  0:54  Drone  
  15  0:56  Drone  
  17  0:59  Drone  
  17  1:02  Extractor  
  17  1:15  Spawning Pool  
  16  1:18  Drone  
  16  1:22  Drone  
  18  1:30  Drone  
  19  2:01  Queen x2  
  19  2:02  Zergling x6  
  19  2:03  Metabolic Boost  
  26  2:10  Overlord  
  26  2:13  Zergling x2  
  27  2:16  Zergling x2  
  28  2:24  Baneling Nest  
  28  2:26  Zergling x2  
  28  2:31  Zergling x2  
  29  2:47  Zergling x2  
  29  2:48  Zergling x6  
  33  2:55  Overlord  
  33  3:13  Baneling  
  33  3:14  Baneling x4  
  33  3:16  Baneling  
  33  3:17  Zergling x10  
  38  3:20  Zergling x2  
  39  3:34  Zergling x6  
  39  3:35  Zergling x2  
  39  3:40  Zergling x2  
  44  3:44  Overlord  
Show
View Real Time Build Order
Export as new Build Order

A.I. 1 (Very Easy) Protoss - Winner!

Build Orders: 1 Gate Expand, Nexus First 

Get SALT Encoding   

  12  0:00  Probe  
  13  0:13  Probe  
  14  0:19  Pylon  
  14  0:43  Gateway  
  14  1:02  Nexus  
  14  1:20  Pylon  
  14  1:21  Zealot  
  14  1:23  Assimilator  
  16  1:36  Cybernetics Core  
  16  1:38  Probe  
  17  1:50  Probe  
  18  1:58  Assimilator  
  18  2:00  Probe  
  18  2:06  Stalker  
  18  2:08  Probe  
  22  2:17  Probe  
  22  2:22  Probe  
  23  2:24  Warp Gate  
  24  2:31  Probe  
  25  2:38  Probe  
  26  2:51  Probe  
  27  2:52  Assimilator  
  27  2:55  Pylon  
  27  2:58  Probe  
  28  3:03  Probe  
  29  3:10  Probe  
  30  3:15  Probe  
  31  3:21  Robotics Facility  
  31  3:28  Zealot  
  31  3:33  Probe  
  34  3:40  Probe  
  35  3:47  Probe  
  36  3:54  Probe  
  33  3:58  Pylon  
Tags
 
Add a new tag
Caveats
  • Supply blocks, unpowered buildings, or Contaminate may cause inaccurate times.
  • Supply counts are checked every 10 seconds.